 Dungeon Crawl Stone Soup version 0.24-a0-201-gf205589 (webtiles) character file.

Game seed: 2334924433177862410

240 Borgoz the Sneak (level 6, 0/38 HPs)
             Began as a Halfling Enchanter on Mar 24, 2019.
             Slain by an orc (4 damage)
             ... on level 4 of the Dungeon.
             The game lasted 00:05:24 (3326 turns).

Borgoz the Sneak (Halfling Enchanter)               Turns: 3326, Time: 00:05:24

Health: 0/38       AC:  7    Str: 14 (17) XL:     6   Next: 29%
Magic:  8/8        EV: 14    Int: 13 (15) God:
Gold:   90         SH:  0    Dex: 15      Spells: 5/8 levels left

rFire    . . .     SeeInvis .   m - +2 dagger (speed)
rCold    . . .     Gourm    .   (shield restricted)
rNeg     . . .     Faith    .   c - +1 ring mail
rPois    .         Spirit   .   (no helmet)
rElec    .         Reflect  .   (no cloak)
rCorr    .         Harm     .   (no gloves)
MR       .....                  l - +0 pair of boots
Stlth    ++........             (no amulet)
HPRegen  0.12/turn              f - +6 ring of strength
MPRegen  0.11/turn              e - +2 ring of intelligence

@: very slightly contaminated, hasted, invisible, very quick
A: small, mutation resistance 1
a: no special abilities


You were on level 4 of the Dungeon.
You were not hungry.

You visited 1 branch of the dungeon, and saw 4 of its levels.

You collected 90 gold pieces.

Inventory:

Hand Weapons
 m - a +2 dagger of speed (weapon)
Armour
 c - a +1 ring mail (worn)
 j - a +0 chain mail of cold resistance
 l - a +0 pair of boots (worn)
Jewellery
 b - a +4 ring of evasion
 e - a +2 ring of intelligence (right hand)
 f - a +6 ring of strength (left hand)
Scrolls
 a - a scroll of remove curse
 g - a scroll of identify
Potions
 k - a potion of degeneration
Comestibles
 d - 6 rations
 i - 4 chunks of flesh


   Skills:
 + Level 1.0 Fighting
 * Level 3.1 Short Blades
 + Level 1.3 Throwing
 * Level 2.5 Armour
 * Level 3.3 Dodging
 + Level 3.8 Stealth
 + Level 1.9 Spellcasting
 + Level 2.7 Hexes
 + Level 1.0 Ice Magic


You had 5 spell levels left.
You knew the following spells:

 Your Spells              Type           Power        Failure   Level  Hunger
a - Corona                Hex            #......      16%         1    ##.....
b - Ensorcelled Hibernat  Hex/Ice        #.....       34%         2    ###....

Your spell library contained the following spells:

 Spells                   Type           Power        Failure   Level  Hunger
 Confuse                  Hex            #.......     43%         3    ####...
 Tukima's Dance           Hex            #.......     43%         3    ####...
 Dazzling Spray           Conj/Hex       #.....       65%         3    ####...


Dungeon Overview and Level Annotations

Branches:
Dungeon (4/15)
 Temple: D:4-7

Altars:


Innate Abilities, Weirdness & Mutations

You are small and have problems with some larger weapons.
You are somewhat resistant to further mutation.


Message History

* * * LOW HITPOINT WARNING * * *
You are too injured to fight recklessly!
You are too injured to fight recklessly!
You are too injured to fight recklessly!
You are too injured to fight recklessly!
You are too injured to fight recklessly!
You hit the orc priest.
The orc priest is moderately wounded.
You hit the orc priest.
The orc priest is heavily wounded.
The orc barely misses you.
The orc priest calls down the wrath of Beogh upon you.
Pain shoots through your body!
* * * LOW HITPOINT WARNING * * *
You hit the orc priest but do no damage.
The orc priest is heavily wounded.
You hit the orc priest.
The orc priest is severely wounded.
The orc misses you. The orc hits you.
You die...

....### ......= .......
....... ###.......
#.#....... ###.oo......
#...@.w.....
#...o##..... ###
####..?.## ...
##.###..##....# .
##...##...##...##
##..........#....#
#.............#......
#.............##$#..#
####..........)..#....#


You could see a worm, an orc priest and 2 orcs.

Vanquished Creatures
  An orc priest (D:4)
  Terence (D:2)
  2 orc wizards (D:3)
  4 gnolls (D:2)
  4 adders
  An ooze (D:3)
  A worm (D:3)
  A dart slug (D:1)
  2 leopard geckos (D:1)
  3 orcs
  4 giant cockroaches
  9 goblins
  6 hobgoblins
  6 kobolds
  9 bats
  4 frilled lizards
  A quokka skeleton (D:4)
  5 rats
64 creatures vanquished.

Notes
Turn   | Place    | Note
-------+----------+-------------------------------------------
     0 | D:1      | Borgoz the Halfling Enchanter began the quest for the Orb.
     0 | D:1      | Reached XP level 1. HP: 11/11 MP: 3/3
   337 | D:1      | Reached XP level 2. HP: 9/17 MP: 4/4
   769 | D:1      | Reached skill level 1 in Armour
   987 | D:1      | Reached XP level 3. HP: 20/21 MP: 5/5
  1352 | D:2      | Learned a level 2 spell: Ensorcelled Hibernation
  1616 | D:2      | Reached XP level 4. HP: 23/27 MP: 6/6
  1835 | D:2      | Noticed Terence
  1861 | D:2      | Reached skill level 1 in Throwing
  1861 | D:2      | Reached XP level 5. HP: 28/32 MP: 7/7
  1929 | D:2      | Killed Terence
  2500 | D:3      | HP: 1/32 [something/magic dart (7)]
  2508 | D:3      | Reached skill level 1 in Fighting
  2508 | D:3      | Reached XP level 6. HP: 2/38 MP: 8/8
  3120 | D:3      | Noticed a two-headed ogre
  3319 | D:4      | Reached skill level 1 in Ice Magic
  3326 | D:4      | Slain by an orc

Levels and vault maps discovered:
D:1:      wheals_arrival_shading, layout_loops_ring, hangedman_decor_push,
          serial_bayou_pond_c
D:2:      layout_rooms, uniq_terence
D:3:      layout_basic, lightli_corner_chamber
D:4:      layout_cave_pools

Skill      XL: |  1  2  3  4  5  6 |
---------------+-------------------+-----
Armour         | 1 2 |  2.5
Short Blades   | 2 3 |  3.1
Throwing       | 1 |  1.3
Dodging        | 3 |  3.3
Fighting       | 1 |  1.0
Ice Magic      | 1 |  1.0
Stealth        | |  3.8
Spellcasting   | |  1.9
Hexes          | |  2.7

Action                   |  1- 3 |  4- 6 || total
-------------------------+-------+-------++-------
Melee: Dagger            |   112 |   208 ||   320
 Cast: Ensorcelled Hiber |     1 |       ||     1
       Corona            |     1 |       ||     1
  Use: Scroll            |     3 |     3 ||     6
       Potion            |     1 |     7 ||     8
 Stab: Sleeping          |     4 |     3 ||     7
       Invisible         |       |     2 ||     2
  Eat: Chunk             |     2 |     6 ||     8
Armor: Robe              |    13 |       ||    13
       Ring mail         |     2 |    44 ||    46
Dodge: Dodged            |    69 |    92 ||   161

Table legend:
 A = Non-vault XP
 B = Vault XP
 C = Vault XP percentage of total XP
 D = Non-vault monster count
 E = Vault monster count
 F = Vault count percentage of total count
                 A         B        C        D         E       F
            +---------+---------+-------+---------+---------+-------
      Total |     305 |      38 |  11.1 |      63 |       1 |   1.6
            +---------+---------+-------+---------+---------+-------
        D:1 |      39 |       0 |   0.0 |      21 |       0 |   0.0
        D:2 |     103 |      38 |  27.0 |      21 |       1 |   4.5
        D:3 |     115 |       0 |   0.0 |      17 |       0 |   0.0
        D:4 |      48 |       0 |   0.0 |       4 |       0 |   0.0
            +---------+---------+-------+---------+---------+-------
